 Dungeon Crawl Stone Soup version 0.28.0 (webtiles) character file.

Game seed: 16947958888435125298

38 GrayStillPlays the Skirmisher (level 3, 0/29 HPs)
             Began as a Demonspawn Fighter on Feb 13, 2022.
             Slain by an orc (5 damage)
             ... on level 2 of the Dungeon.
             The game lasted 00:01:24 (1466 turns).

GrayStillPlays the Skirmisher (Demonspawn Fighter)  Turns: 1466, Time: 00:01:25

Health: 0/29       AC:  6    Str: 16    XL:     3   Next: 25%
Magic:  3/3        EV:  8    Int: 13    God:
Gold:   53         SH:  4    Dex: 12    Spells: 2/2 levels left

rFire   . . .      SeeInvis .   a - +0 war axe {axe}
rCold   . . .      Faith    .   c - +0 buckler
rNeg    . . .      Spirit   .   b - +0 scale mail
rPois   .          Reflect  .   (no helmet)
rElec   .          Harm     .   (no cloak)
rCorr   .          Rampage  .   (no gloves)
Will    .....                   (no boots)
Stlth   ..........              (no amulet)
HPRegen 0.09/turn               (no ring)
MPRegen 0.08/turn               (no ring)

@: no status effects
A: big brain 1
a: no special abilities


You were on level 2 of the Dungeon.
You visited 1 branch of the dungeon, and saw 2 of its levels.

You collected 53 gold pieces.


Innate Abilities, Weirdness & Mutations

You have an unusually large brain. (Int +2)


   Skills:
 + Level 3.4 Fighting
 + Level 2.2 Axes
 + Level 3.0 Armour
 + Level 3.1 Shields


You had 2 spell levels left.
You didn't know any spells.
Your spell library was empty.

Inventory:

Hand Weapons
 a - a +0 war axe (weapon) {axe}
 j - a +0 dagger of venom {short}
   (You took it off a goblin on level 1 of the Dungeon)
Missiles
 i - 48 stones (quivered) {throwing}
 k - 25 sling bullets
 l - 19 arrows
Armour
 b - a +0 scale mail (worn)
 c - a +0 buckler (worn)
Scrolls
 e - a scroll of blinking {unknown}
 m - a scroll of identify {unknown}
 n - a scroll of magic mapping {unknown}
Potions
 d - a potion of might
 f - a potion of attraction {unknown}
 g - a potion of brilliance {unknown}
 h - a potion of flight {unknown}

Dungeon Overview and Level Annotations

Branches:
Dungeon (2/15)

Altars:

..#... # ........#
.##... ....###
..[.......##.....
......# #=##..........
....# ............# ).#
..# #.......# ^##
..####.....### .#
.........or# ##
#####.#####.#o## #
#........##.#@#
#.....##.##.#)####.
####.....<.....o>.......
..##......#.##.#.####...
#.##.....)#.##.#.#
#.####...).....#.# #.#
####.#..#.#.# #.#
#.#..#.#.# #.###
#........#


You could see an orc wizard, 2 orcs and a quokka.


Message History

You kill the quokka!
Key pressed, stopping explore.
No target in view!
No target in view!
No target in view!
You see here a quokka corpse.
A goblin comes into view. It is wielding a +0 club.
The goblin shouts!
A kobold comes into view. It is wielding a +0 dagger.
The goblin moves out of view.
A kobold is nearby!
The kobold shouts!
There are monsters nearby!
Unknown command.
Found a stone staircase leading up.
The goblin barely misses you.
There are monsters nearby!
You hit the kobold but do no damage. You slash the goblin!
You kill the goblin!
The kobold hits you but does no damage. You block the kobold's attack.
You closely miss the kobold. The kobold hits you but does no damage.
You hit the kobold.
You kill the kobold!
No target in view!
No target in view!
Things that are here:
a +0 club {mace}; a goblin corpse
Things that are here:
a +0 dagger {short}; a kobold corpse You now have 53 gold pieces (gained 12).
Things that are here:
a +0 dagger {short}; a kobold corpse
n - a scroll labelled NUX IQADGHI OMPA
Found a stone staircase leading down.
An orc comes into view. It is wielding a +0 trident.
An orc is nearby!
An orc is nearby!
An orc is nearby!
The orc shouts!
You hear a shout!
An orc wizard comes into view. It is wielding a +0 dagger.
An orc comes into view. It is wielding a +0 club.
An orc and a hobgoblin come into view.
The orc shouts!
The orc wizard shouts!
The hobgoblin shouts!
A quokka comes into view.
The orc hits you from afar with a +0 trident. 😕 HP[-1]
You take 1 damage, and now have 28/29 hp.
The orc hits you but does no damage. The orc wizard barely misses you.
You closely miss the orc wizard.
The orc hits you from afar with a +0 trident.
The orc wizard hits you but does no damage.
The orc hits you but does no damage. The orc barely misses you. 😕 HP[-2]
You take 2 damage, and now have 26/29 hp.
You slash the orc wizard! You closely miss the hobgoblin.
The orc wizard barely misses you. You block the hobgoblin's attack.
You block the orc's attack.
The orc hits you from afar with a +0 trident!
The orc wizard barely misses you. 😮 HP[-8]
You take 8 damage, and now have 18/29 hp.
MASSIVE DAMAGE!! (PAUSE)
You hit the hobgoblin.
The hobgoblin hits you but does no damage.
You block the orc's attack.
The hobgoblin closely misses you. 😮 HP[+1]
You barely miss the hobgoblin.
The orc hits you from afar with a +0 trident!
* * * LOW HITPOINT WARNING * * *
The hobgoblin hits you but does no damage.
The orc closely misses you. 😨 HP[-7]
You take 7 damage, and now have 12/29 hp.
MASSIVE DAMAGE!! (PAUSE)
You hit the hobgoblin but do no damage. The hobgoblin closely misses you.
The orc closely misses you.
You closely miss the hobgoblin. The hobgoblin closely misses you.
The orc hits you from afar with a +0 trident.
* * * LOW HITPOINT WARNING * * *
The hobgoblin completely misses you. 😨 HP[-4]
You take 4 damage, and now have 8/29 hp.
You slash the hobgoblin!
You kill the hobgoblin!
You block the orc's attack. x2; The orc hits you but does no damage.
The orc hits you but does no damage.
You barely miss the orc. You slash the orc!
You kill the orc!
The orc hits you but does no damage.
You hit the orc. The orc hits you but does no damage.
You block the orc's attack. The orc hits you but does no damage.
The orc barely misses you.
You closely miss the orc. The orc closely misses you.
The orc hits you but does no damage. 😨 HP[+1]
You closely miss the orc. The orc barely misses you.
The orc hits you from afar with a +0 trident.
* * * LOW HITPOINT WARNING * * *
The orc barely misses you.
The orc hits you from afar with a +0 trident.
You die...

Skill      XL: |  1  2 |
---------------+-------+-----
Axes           | 2 |  2.2
Shields        | 3 |  3.1
Armour         | 3 |  3.0
Fighting       | |  3.4

Action                   || total
-------------------------++-------
Melee: War axe           ||   104
Armor: Scale mail        ||    64
Dodge: Dodged            ||    55
Block: Buckler           ||    29

Levels and vault maps discovered:
D:1:      dpeg_arrival_connections, layout_basic
D:2:      layout_loops_cross

Notes
Turn   | Place    | Note
-------+----------+-------------------------------------------
     0 | D:1      | GrayStillPlays the Demonspawn Fighter began the quest for
                  | the Orb.
     0 | D:1      | Reached XP level 1. HP: 18/18 MP: 1/1
     0 | D:1      | magus.rc [v1.9.6]
   271 | D:1      | Reached skill level 2 in Axes
   271 | D:1      | Gained mutation: You have an unusually large brain. (Int
                  | +2) [demonic ancestry]
   271 | D:1      | Reached XP level 2. HP: 22/24 MP: 2/2
   531 | D:1      | HP: 6/24 [poisoned by a goblin]
   535 | D:1      | HP: 2/24 [poisoned by a goblin]
   922 | D:1      | Reached skill level 3 in Shields
  1223 | D:1      | Reached skill level 3 in Armour
  1249 | D:1      | Reached XP level 3. HP: 27/29 MP: 3/3
  1466 | D:2      | HP: 5/29 [orc (4)]
  1466 | D:2      | Slain by an orc

Vanquished Creatures
  An orc (D:2)
  An endoplasm (D:1)
  2 giant cockroaches (D:1)
  4 goblins
  5 hobgoblins
  4 kobolds
  2 quokkas
  5 ball pythons (D:1)
  4 bats (D:1)
  A frilled lizard (D:1)
  4 rats (D:1)
33 creatures vanquished.

Table legend:
 A = Non-vault XP
 B = Vault XP
 C = Vault XP percentage of total XP
 D = Non-vault monster count
 E = Vault monster count
 F = Vault count percentage of total count
                 A         B        C        D         E       F
            +---------+---------+-------+---------+---------+-------
      Total |      55 |       0 |   0.0 |      33 |       0 |   0.0
            +---------+---------+-------+---------+---------+-------
        D:1 |      43 |       0 |   0.0 |      27 |       0 |   0.0
        D:2 |      12 |       0 |   0.0 |       6 |       0 |   0.0
            +---------+---------+-------+---------+---------+-------

Illustrated notes

Table legend:
 A = Kills in this place as a percentage of kills in entire the game.
 B = Kills by you in this place as a percentage of kills by you in the entire game.
 C = Kills by friends in this place as a percentage of kills by friends in the entire game.
 D = Other kills in this place as a percentage of other kills in the entire game.
 E = Experience gained in this place as a percentage of experience gained in the entire game.
 F = Experience gained in this place divided by the number of levels of this place that you have seen.
                   A       B       C       D       E      F
               +-------+-------+-------+-------+-------+----------------------
         Total | 100.0 | 100.0 |   N/A |   N/A | 100.0 |  27.5
       Dungeon | 100.0 | 100.0 |   N/A |   N/A | 100.0 |  27.5
               +-------+-------+-------+-------+-------+----------------------

Table legend: (Time is in decaauts)
 A = Elapsed time spent in this place.
 B = Non-inter-level travel time spent in this place.
 C = Inter-level travel time spent in this place.
 D = Time resting spent in this place.
 E = Time spent auto-exploring this place.
 F = Levels seen in this place.
 G = Mean time per level.
                   A        B        C        D        E       F      G
               +--------+--------+--------+--------+--------+-----+--------+
         Total |   1512 |   1474 |     38 |      0 |   1224 |   2 |  756.0 |
       Dungeon |   1512 |   1474 |     38 |      0 |   1224 |   2 |  756.0 |
               +--------+--------+--------+--------+--------+-----+--------+

Top non-repeatable levels by time:
     D:1: 1382 daAuts
     D:2: 130 daAuts
